 Dungeon Crawl Stone Soup version 0.25-a0-937-gcfae464cf3 (webtiles) character file.

Game seed: 14677440669225528575, levelgen mode: deterministic

32 Flugkiller the Vexing (level 3, -1/16 HPs)
             Began as a Felid Enchanter on May 4, 2020.
             Killed from afar by an orc wizard (11 damage)
             ... with a magic dart
             ... on level 2 of the Dungeon.
             The game lasted 00:03:14 (1309 turns).

Flugkiller the Vexing (Felid Enchanter)             Turns: 1309, Time: 00:03:14

Health: -1/16      AC:  1    Str:  4    XL:     3   Next: 8%
Magic:  7/7        EV: 18    Int: 17    God:
Gold:   84         SH:  0    Dex: 16    Spells: 3/6 levels left
                                        Lives:  0   Deaths: 0

rFire    . . .     SeeInvis +     - Unarmed
rCold    . . .     Gourm    .   (shield unavailable)
rNeg     . . .     Faith    .   (armour unavailable)
rPois    .         Spirit   .   (helmet unavailable)
rElec    .         Reflect  .   (cloak unavailable)
rCorr    .         Harm     .   (gloves unavailable)
MR       .....                  (boots unavailable)
Stlth    +++.......             (no amulet)
HPRegen  0.05/turn              (no ring)
MPRegen  0.10/turn              (no ring)

@: quick
A: very small, no armour, no weapons or thrown items, stealth, claws 1, fangs 3,
see invisible, carnivore, speed 1, shaggy fur 1, slow metabolism 1, sharp paws
a: no special abilities


You were on level 2 of the Dungeon.
You were very full.

You visited 1 branch of the dungeon, and saw 2 of its levels.

You collected 84 gold pieces.

Inventory:

Scrolls
 c - a scroll of enchant weapon {unknown}
 e - 2 scrolls of remove curse
 g - a scroll of noise {unknown}
 h - a scroll of blinking {unknown}
 k - a scroll of identify {unknown}
Potions
 a - a potion of heal wounds {unknown}
 d - 2 potions of invisibility {unknown}
 f - a potion of haste {unknown}
 i - a potion of magic {unknown}
 j - a potion of lignification {unknown}
 l - 2 potions of curing {unknown}
Comestibles
 b - 3 rations


   Skills:
 + Level 1.8 Fighting
 - Level 2.6 Dodging
 - Level 4.0 Stealth
 + Level 2.2 Unarmed Combat
 - Level 2.0 Spellcasting
 - Level 4.4 Hexes


You had 3 spell levels left.
You knew the following spells:

 Your Spells              Type           Power        Failure   Level  Hunger
a - Corona                Hex            ###....      3%          1    #......
b - Ensorcelled Hibernat  Hex/Ice        #.....       12%         2    ###....

Your spell library contained the following spells:

 Spells                   Type           Power        Failure   Level  Hunger
 Confusing Touch          Hex            ###.....     10%         3    ###....
 Tukima's Dance           Hex            ###.....     10%         3    ###....
 Dazzling Flash           Conj/Hex       #.....       24%         3    ###....


Dungeon Overview and Level Annotations

Branches:
Dungeon (2/15)

Altars:
The Shining One


Innate Abilities, Weirdness & Mutations

You cannot wear armour.
You are incapable of wielding weapons or throwing items.
Your paws allow you to move quietly. (Stealth)
You have sharp claws.
You have razor-sharp teeth.
You have supernaturally acute eyesight. (SInv)
You are carnivorous and can eat meat at any time.
You cover ground quickly.
You are covered in fur. (AC +1)
You have a slow metabolism.
Your sharp claws are effective at attacking unaware monsters.


Message History

Your experience leads to an increase in your attributes!
Increase (S)trength, (I)ntelligence, or (D)exterity?
You feel clever.
Unknown command.
Found 22 sling bullets.
You pounce on the unaware helpless kobold!
You claw the kobold!
You kill the kobold!
Things that are here:
4 stones; a kobold corpse The dart slug bites you.
You completely miss the dart slug. You scratch the dart slug.
The dart slug is lightly wounded.
The dart slug misses you.
You barely miss the dart slug.
The dart slug is lightly wounded.
The dart slug bites you.
You scratch the dart slug. You bite the dart slug.
The dart slug is heavily wounded.
The dart slug launches a dart at you. The slug dart misses you.
You scratch the dart slug.
The dart slug is severely wounded.
You scratch the dart slug.
You kill the dart slug!
Things that are here:
4 stones; a kobold corpse The kobold corpse isn't edible.
You see here 22 sling bullets.
Okay, then.
You start resting.
HP restored.
You see here 22 sling bullets.
Found 2 boomerangs. 2 orcs and an orc wizard come into view.
The orc wizard shouts!
An orc wizard comes into view. It is wielding a +0 dagger.
Found a glowing golden altar of the Shining One.
There are monsters nearby!
Unknown command.
An orc comes into view.
The orc wizard gestures at you while chanting.
The magic dart hits you.
Unknown command.
A hobgoblin comes into view. It is wielding a -1 club.
The orc wizard casts a spell at you. The magic dart hits you!
Ouch! That really hurt!
You die...

#.. ..# .. .. # .. .. . .########
g#.#.## ......... ...#..#
#......> #.....# #.......
#...#..####....... o
###@#.......#....... o ###...#.#
#........... . ##.....#.#
#.......... .###
##........####.......... .o8###
###.......................
...o.###.o(...##.......#.#.......
............####............#####
..........### #......###..####
...#####.## ##.............##


You could see an orc wizard and a hobgoblin (sleeping).

Vanquished Creatures
  2 dart slugs
  A leopard gecko (D:1)
  3 bats (D:1)
  2 giant cockroaches (D:1)
  4 goblins (D:1)
  3 hobgoblins (D:1)
  6 kobolds
  4 rats
25 creatures vanquished.

Notes
Turn   | Place    | Note
-------+----------+-------------------------------------------
     0 | D:1      | Flugkiller the Felid Enchanter began the quest for the Orb.
     0 | D:1      | Reached XP level 1. HP: 7/7 MP: 4/4
   193 | D:1      | Reached skill level 1 in Fighting
   212 | D:1      | Reached XP level 2. HP: 11/12 MP: 6/6
   479 | D:1      | Learned a level 2 spell: Ensorcelled Hibernation
  1144 | D:2      | Reached XP level 3. HP: 15/16 MP: 7/7
  1295 | D:2      | Found a glowing golden altar of the Shining One.
  1309 | D:2      | Killed from afar by an orc wizard

Levels and vault maps discovered:
D:1:      noname_arrival_rooms_in_the_neighbourhood, layout_loops_ring,
          serial_rivers, chequers_serial_rivers_room_a,
          chequers_serial_rivers_micro_b, chequers_serial_rivers_micro_b,
          chequers_serial_rivers_small_a, minmay_domino_2
D:2:      layout_rooms, nicolae_overflow_hidden_temple,
          nicolae_tso_carved_into_rock, first_ration, st_stairs_4

Skill      XL: |  1  2 |
---------------+-------+-----
Fighting       | 1 |  1.8
Unarmed Combat | 2 |  2.2
Dodging        | |  2.6
Stealth        | |  4.0
Spellcasting   | |  2.0
Hexes          | |  4.4

Action                   || total
-------------------------++-------
Melee: Unarmed           ||    55
       Bite              ||     3
       Punch             ||     1
 Cast: Ensorcelled Hiber ||     3
  Use: Scroll            ||     1
 Stab: Sleeping          ||    12
  Eat: Chunk             ||     7
Armor: Skin              ||     2
Dodge: Dodged            ||    34

Table legend:
 A = Non-vault XP
 B = Vault XP
 C = Vault XP percentage of total XP
 D = Non-vault monster count
 E = Vault monster count
 F = Vault count percentage of total count
                 A         B        C        D         E       F
            +---------+---------+-------+---------+---------+-------
      Total |      44 |       2 |   4.3 |      24 |       1 |   4.0
            +---------+---------+-------+---------+---------+-------
        D:1 |      38 |       2 |   5.0 |      21 |       1 |   4.5
        D:2 |       6 |       0 |   0.0 |       3 |       0 |   0.0
            +---------+---------+-------+---------+---------+-------
